[Event "NC World Masters 2022"]
[Site "Dortmund"]
[Date "2022.07.24"]
[Round "6.1"]
[White "Anand, Viswanathan"]
[Black "Adams, Michael"]
[Result "1/2-1/2"]
[ECO "D35"]
[WhiteElo "2756"]
[BlackElo "2696"]
[Annotator "TA"]
[PlyCount "86"]
[EventDate "2022.07.18"]
[EventType "tourn"]
[EventCountry "GER"]
[SourceTitle "playchess.com"]
[Source "ChessBase"]
[SourceQuality "1"]
[TimeControl "40/5400+30:1800+30"]

1. c4 e6 2. Nc3 d5 3. d4 Nf6 4. cxd5 exd5 5. Bg5 c6 6. e3 Be7 7. Bd3 Nbd7 8. Nf3 Nf8 9. h3 {[%emt 0:03:15] D35: Queen's Gambit Declined: Exchange Variation.} Ne6 10. Bh4 g6 11. Bg3 {[%emt 0:02:00] [#]} Kf8 $146 ({Predecessor:} 11... Ng7 12. Qb3 Qb6 13. Qxb6 axb6 14. Bh2 O-O 15. Ne5 Bf5 16. Be2 Bb4 17. g4 Bxc3+ 18. bxc3 {1-0 (38) Djukic,S (2029)-Milic,S (2247) Budva 2004}) 12. Ke2 Bd6 13. Bxd6+ Qxd6 14. Qg1 Kg7 15. Qh2 Qxh2 16. Rxh2 Re8 17. Kd2 Ne4+ (17... b6 {seems wilder.} 18. b4 a5 19. bxa5 Rxa5 20. Rhh1 c5) 18. Bxe4 dxe4 19. Nxe4 {[%emt 0:00:12] [#]} Nxd4 $1 20. Nxd4 {[%emt 0:00:16] Threatens to win with Nc3.} Rxe4 21. Rc1 Re5 22. Rhh1 c5 23. Nf3 Rd5+ 24. Ke2 b6 25. Rhd1 $1 Ba6+ 26. Ke1 Rad8 27. Rxd5 Rxd5 $11 {[%emt 0:00:02][%mdl 4096] Endgame KRB-KRN} 28. a3 Kf6 29. b4 Rd3 30. bxc5 bxc5 31. Rxc5 {[%emt 0:10:10] [#] Black must now prevent Rc6+.} Rxa3 32. Rc6+ Kg7 33. Rc1 Bb7 34. Kf1 Bxf3 (34... a5 $17) 35. gxf3 $17 {[%emt 0:00:08] KR-KR. The position is equal.} Ra5 36. Rc7 Rh5 37. Rxa7 Rxh3 38. Kg2 Rh5 39. f4 Rb5 40. Rc7 Rb4 41. Ra7 Rb5 42. Rc7 Rb4 43. Ra7 Rb5 {[%emt 0:00:04] Weighted Error Value: White=0.05 (flawless) /Black=0.05 (flawless)} 1/2-1/2

[Event "NC World Masters 2022"]
[Site "Dortmund"]
[Date "2022.07.24"]
[Round "6.2"]
[White "Kollars, Dmitrij"]
[Black "Fridman, Daniel"]
[Result "1-0"]
[ECO "C28"]
[WhiteElo "2648"]
[BlackElo "2599"]
[Annotator "TA"]
[PlyCount "119"]
[EventDate "2022.07.18"]
[EventType "tourn"]
[EventCountry "GER"]
[SourceTitle "playchess.com"]
[Source "ChessBase"]
[SourceQuality "1"]
[TimeControl "40/5400+30:1800+30"]

1. e4 e5 2. Bc4 Nf6 3. d3 Nc6 4. Nc3 Bb4 5. Bd2 d6 6. a3 {[%emt 0:00:35] C28: Vienna Game: 2...Nf6 3 Bc4 Nc6.} Bxc3 7. Bxc3 Be6 8. Bb5 {[%emt 0:02:30] [#] The position is equal.} Nd7 $146 ({Predecessor:} 8... O-O 9. Ne2 Ne7 10. O-O a6 11. Ba4 b5 12. Bb3 Bxb3 13. cxb3 Ng6 14. f4 Ng4 {½-½ (49) Sofiev,A-Redsven,R Helsinki 2003}) 9. Bxc6 bxc6 10. Qh5 Qf6 11. Ne2 Qg6 12. Qxg6 hxg6 13. f4 f6 14. Kd2 a5 15. d4 (15. a4 $14) 15... exf4 16. Nxf4 Bf7 17. h4 c5 18. d5 a4 19. g4 Kf8 20. Ke3 Re8 21. Kf3 Ne5+ 22. Kg3 Nc4 23. Rae1 Ke7 24. g5 Rb8 25. Rhf1 Rhf8 26. Nd3 Ne5 27. Rf2 Nxd3 ({Better is} 27... Nd7 $14) 28. gxf6+ $16 gxf6 29. Bxf6+ Kd7 30. cxd3 {[%emt 0:00:09] [#] Black must now prevent Bg7.} Bg8 31. Ref1 {[%emt 0:01:51] White is more active.} Rfe8 32. Rf4 c6 33. dxc6+ Kxc6 34. Bc3 Rbd8 35. Rg4 Bb3 36. Rxg6 Bc2 37. Rf4 ({White should try} 37. Rf3 $16) 37... Bxd3 $14 38. Kf3 Kb5 39. Ke3 Bc2 40. Rg2 $36 {[%emt 0:00:35][%mdl 2048] White has strong initiative.} Bb3 41. h5 d5 {[%emt 0:06:36] [#] Threatens to win with ...d4+.} 42. Bf6 Rd7 43. Rg7 (43. h6 $16) 43... Rxg7 44. Bxg7 {[%emt 0:00:03][%mdl 4096] Endgame KRB-KRB} Bc2 (44... d4+ $14 45. Kd2 Bg8) 45. e5 $16 d4+ 46. Kd2 Bb3 {[%emt 0:00:12] This costs Black the game.} (46... Bh7 $16) 47. Rg4 $18 {[%emt 0:04:51] Hoping for h6.} Be6 48. Rg5 Bd5 49. h6 {[%emt 0:01:25] Strongly threatening h7.} Be4 50. Bf6 Kc6 51. Rg7 Rb8 52. Kc1 Rb3 $2 (52... Rb7 53. Rxb7 Kxb7) 53. e6 {[%emt 0:03:22] White is clearly winning.} Rh3 54. e7 Kd7 55. e8=Q+ Kxe8 56. Re7+ Kf8 57. Rxe4 Rxh6 58. Be7+ Kf7 59. Bxc5 Rc6 60. Re5 {[%emt 0:00:07] Weighted Error Value: White=0.10 (very precise) /Black=0.21 (precise)} 1-0